Map: [G8] Royal Blood

Players

ByuN - Winner!

  • Race: Terran Terran
  • Spawn Location: 1:00

Dark

  • Race: Zerg Zerg
  • Spawn Location: 7:00

Event: Gamers8 2023

VOD

Have the link to the VOD?

Description

Time

  • Played on: Aug. 4, 2023, 1:25 p.m.
  • Length: 10:52

All games in this series

Show
View Real Time Build Order
Export as new Build Order

ByuN Terran - Winner!

Build Orders:  

Get SALT Encoding   

  12  0:00  SCV  
  13  0:12  SCV  
  14  0:17  Supply Depot  
  14  0:24  SCV  
  15  0:38  SCV  
  15  0:41  Barracks  
  16  0:43  Refinery  
  16  0:50  SCV  
  17  0:59  Barracks  
  17  1:03  SCV  
  18  1:15  SCV  
  19  1:27  Reaper  
  19  1:28  Orbital Command  
  20  1:35  Supply Depot  
  20  1:46  Reaper  
  21  1:53  SCV  
  22  2:02  Barracks Reactor  
  22  2:06  SCV  
  23  2:11  Command Center  
  23  2:18  SCV  
  23  2:22  Barracks  
  24  2:24  Barracks Tech Lab  
  24  2:30  SCV  
  24  2:33  Supply Depot  
  25  2:41  Marine x2  
  25  2:42  SCV  
  25  2:43  Marine  
  29  2:50  Stimpack  
  29  2:54  SCV  
  30  3:00  Marine x2  
  30  3:01  Marine  
  33  3:06  SCV  
  33  3:09  Barracks Tech Lab  
  34  3:18  SCV  
  35  3:20  Marine x3  
  35  3:23  Orbital Command  
  38  3:30  SCV  
  38  3:31  Marine  
  38  3:33  Combat Shield  
  40  3:37  Marine  
  40  3:38  Marine x2  
  43  3:43  SCV  
  44  3:49  SCV, Supply Depot  
  44  3:50  Marine  
  44  3:55  Marine x3  
  46  3:56  Refinery  
  46  3:57  SCV  
  46  4:01  SCV  
  51  4:05  Supply Depot  
  51  4:08  Marine  
  51  4:09  SCV  
  53  4:13  Marine x3  
  56  4:18  SCV  
  56  4:22  SCV  
  58  4:25  Factory  
  58  4:26  Marine  
  58  4:30  SCV  
  58  4:31  Marine x3  
  60  4:33  Supply Depot  
  60  4:35  SCV  
  64  4:42  Refinery, SCV  
  64  4:43  Engineering Bay  
  64  4:44  Marine  
  66  4:47  SCV  
  66  4:49  Marine x3  
  70  4:55  SCV  
  70  4:59  Supply Depot  
  71  5:00  SCV  
  63  5:07  SCV  
  63  5:09  Starport, Factory Reactor  
  63  5:11  Marine x3  
  63  5:12  Marine, Terran Infantry Weapons Level 1  
  63  5:13  SCV  
  69  5:23  SCV  
  69  5:25  SCV  
  71  5:30  Command Center  
  71  5:35  SCV  
  71  5:37  SCV  
  71  5:41  Barracks Reactor, Refinery  
  73  5:48  SCV  
  73  5:49  SCV  
  75  5:50  Barracks  
  75  5:51  Barracks  
  75  5:54  Medivac  
  75  5:55  Medivac  
  79  6:00  SCV, Supply Depot  
  79  6:01  SCV  
  79  6:03  Siege Tank  
  84  6:11  Supply Depot  
  84  6:14  SCV  
  84  6:15  SCV  
  86  6:18  Armory  
  86  6:21  Engineering Bay  
  86  6:26  SCV  
  86  6:27  Medivac x2, SCV  
  86  6:32  Marine x4  
  94  6:33  Marine  
  94  6:39  Siege Tank, SCV x2  
  102  6:44  Barracks Reactor  
  103  6:51  SCV x2  
  104  6:55  Marine x6  
  104  6:58  Terran Infantry Armor Level 1  
  110  7:03  SCV x2  
  110  7:05  Orbital Command  
  112  7:11  Siege Tank  
  112  7:14  Barracks Reactor  
  112  7:15  SCV x2  
  117  7:17  Refinery x2  
  117  7:19  Supply Depot  
  117  7:20  Supply Depot  
  117  7:25  Terran Infantry Weapons Level 2  
  117  7:27  SCV x2  
  117  7:28  Marine x3  
  120  7:39  SCV x2  
  120  7:40  SCV  
  121  7:45  Siege Tank, Marine x2  
  121  7:47  Marine x2  
  121  7:48  Marine x2  
  130  7:51  SCV x2  
  130  7:52  SCV  
  130  7:54  Supply Depot  
  130  7:57  Supply Depot  
  133  8:00  Factory, Terran Vehicle Weapons Level 1  
  133  8:03  SCV x2  
  133  8:04  SCV  
  135  8:06  Marine  
  135  8:07  Marine x5  
  135  8:10  Marine x2  
  140  8:17  Siege Tank  
  146  8:20  Supply Depot  
  146  8:23  Medivac  
  146  8:24  Medivac  
  146  8:25  Supply Depot  
  147  8:33  Marine  
  142  8:34  Marine  
  142  8:35  Marine x6  
  142  8:36  Marine  
  150  8:43  Factory Tech Lab  
  150  8:48  Command Center  
  150  8:49  Siege Tank  
  150  8:51  Marine  
  154  8:56  Marine  
  154  8:57  Marine x4  
  154  8:58  Marine x2  
  154  9:01  Marine  
  154  9:02  Siege Tank  
  157  9:04  SCV x2  
  157  9:09  Marine  
  134  9:18  Medivac x2  
  134  9:21  Siege Tank  
  132  9:26  Barracks, Marine x6  
  132  9:27  Barracks  
  132  9:28  Marine  
  132  9:29  Marine, Barracks  
  139  9:32  Marine, Supply Depot  
  139  9:37  Siege Tank  
  137  9:47  Marine x2  
  137  9:48  Medivac x2, Marine  
  137  9:50  Sensor Tower, Marine x4  
  148  9:58  Siege Tank  
  149  10:15  Marauder  
  149  10:18  Siege Tank  
  149  10:19  Marine x8  
  149  10:20  Barracks Tech Lab x2  
  129  10:28  SCV x2  
  129  10:29  Marine  
  129  10:30  SCV  
Show
View Real Time Build Order
Export as new Build Order

Dark Zerg 

Build Orders: Hatch First 

Get SALT Encoding   

  12  0:00  Drone  
  13  0:12  Overlord  
  13  0:16  Drone  
  14  0:30  Drone x2  
  16  0:46  Hatchery  
  15  0:50  Drone  
  15  0:53  Drone  
  15  0:57  Drone  
  18  1:07  Extractor  
  17  1:12  Spawning Pool  
  17  1:15  Drone  
  17  1:18  Drone  
  18  1:27  Drone  
  19  1:39  Drone  
  20  1:50  Drone  
  21  1:58  Queen  
  21  1:59  Queen  
  21  2:00  Zergling x4  
  27  2:10  Zergling x2, Overlord  
  28  2:22  Hatchery  
  28  2:23  Drone  
  29  2:30  Drone  
  29  2:35  Queen  
  31  2:41  Drone x2  
  32  2:49  Overlord  
  32  2:53  Drone  
  32  2:54  Drone x2  
  35  3:03  Drone  
  36  3:09  Overlord  
  36  3:13  Drone  
  36  3:15  Overlord  
  37  3:24  Overlord  
  37  3:27  Overlord  
  37  3:32  Queen, Roach Warren  
  38  3:37  Drone x2  
  41  3:43  Extractor, Drone x3  
  41  3:44  Drone x3  
  45  3:50  Queen  
  45  3:52  Drone  
  45  3:54  Drone  
  49  3:56  Drone  
  49  3:59  Extractor, Drone  
  49  4:01  Drone  
  51  4:08  Drone  
  51  4:09  Drone  
  53  4:12  Drone  
  53  4:13  Drone x2  
  53  4:16  Roach  
  58  4:18  Roach  
  58  4:21  Roach  
  58  4:23  Roach  
  64  4:29  Extractor  
  64  4:30  Roach x2  
  67  4:35  Overlord  
  67  4:38  Lair  
  67  4:39  Roach  
  67  4:41  Roach  
  67  4:44  Overlord  
  71  4:46  Roach  
  71  4:50  Overlord  
  73  4:54  Roach x2  
  73  4:56  Roach  
  79  5:01  Roach  
  79  5:02  Roach  
  79  5:03  Roach  
  79  5:05  Drone  
  79  5:06  Drone  
  76  5:10  Drone x2  
  76  5:13  Roach  
  80  5:17  Drone x3  
  80  5:18  Drone  
  80  5:20  Ravager  
  85  5:25  Drone x3  
  88  5:30  Evolution Chamber  
  88  5:32  Drone  
  88  5:33  Evolution Chamber, Drone x2  
  89  5:37  Drone x2  
  89  5:38  Drone  
  89  5:40  Drone  
  93  5:46  Overlord  
  93  5:48  Glial Reconstitution, Overlord  
  93  5:52  Roach  
  93  5:53  Overlord  
  93  5:56  Zerg Missile Weapons Level 1  
  95  6:00  Zerg Ground Armor Level 1  
  95  6:02  Drone x2  
  97  6:05  Overlord  
  97  6:06  Drone  
  97  6:07  Drone  
  99  6:12  Roach x2  
  99  6:14  Drone x3  
  99  6:16  Drone x2  
  108  6:20  Extractor x2  
  108  6:23  Ravager x2  
  108  6:24  Infestation Pit, Roach  
  108  6:25  Roach  
  111  6:27  Drone x2  
  111  6:28  Drone  
  111  6:30  Roach  
  111  6:31  Roach  
  118  6:36  Roach x3  
  118  6:39  Roach  
  126  6:46  Roach x2  
  130  6:47  Overlord x2  
  130  6:50  Overlord x2  
  130  6:54  Overlord  
  130  6:56  Overlord  
  130  7:00  Pathogen Glands, Overlord  
  130  7:02  Overlord  
  130  7:10  Hatchery  
  129  7:16  Metabolic Boost  
  129  7:19  Burrow, Roach x3  
  135  7:24  Roach x3  
  135  7:27  Roach x2  
  145  7:32  Drone x4  
  138  7:42  Infestor x2  
  142  7:45  Infestor  
  140  7:51  Drone x3  
  143  8:01  Zerg Missile Weapons Level 2  
  143  8:02  Drone x2  
  144  8:06  Drone x5  
  147  8:14  Zerg Ground Armor Level 2  
  147  8:16  Drone x4  
  151  8:25  Drone  
  151  8:26  Spore Crawler  
  151  8:28  Drone  
  151  8:29  Queen  
  151  8:31  Roach x3  
  151  8:32  Roach  
  160  8:35  Extractor, Infestor  
  160  8:36  Extractor  
  160  8:37  Zergling x2  
  160  8:38  Zergling x4  
  163  8:42  Drone  
  163  8:43  Hydralisk Den, Roach x2  
  163  8:44  Roach  
  169  8:54  Ravager x2  
  171  8:57  Roach x2  
  171  8:59  Infestor x3  
  163  9:04  Queen  
  163  9:07  Roach x2  
  129  9:17  Roach  
  129  9:18  Roach x10  
  129  9:22  Roach x2  
  147  9:26  Roach x2  
  147  9:31  Zergling x8  
  155  9:36  Roach  
  157  9:40  Queen x4  
  157  9:45  Ravager x3  
  168  9:50  Roach x3  
  168  9:51  Roach  
  176  9:53  Roach x3  
  182  10:03  Roach x2  
  182  10:06  Overlord x2  
  182  10:10  Roach  
  179  10:17  Roach x3  
  176  10:27  Roach x8  
Tags
 
Add a new tag
Caveats
  • Supply blocks, unpowered buildings, or Contaminate may cause inaccurate times.
  • Supply counts are checked every 10 seconds.